 Dungeon Crawl Stone Soup version 0.17-a0-547-g5e20af8 (webtiles) character file.

133 Fluffy the Ruffian (level 4, -19/45 HPs)
             Began as a Troll Monk on Apr 13, 2015.
             Engulfed by a cloud of flame (21 damage)
             ... on level 4 of the Dungeon.
             The game lasted 00:10:02 (2551 turns).

Fluffy the Ruffian (Troll Monk)                     Turns: 2551, Time: 00:10:02

Health: -19/45     AC:  7    Str: 19    XL:     4   Next: 94%
Magic:  3/3        EV: 11    Int:  6    God:
Gold:   159        SH:  0    Dex: 13    Spells: 0 memorised, 3 levels left

rFire  . . .     SeeInvis .       - Unarmed
rCold  . . .     Clarity  .     a - +0 robe
rNeg   . . .     SustAb   .     (no shield)
rPois  .         Gourm    +     (helmet restricted)
rElec  .         Spirit   .     u - +1 cloak
rCorr  .         Warding  .     (gloves unavailable)
rMut   .         Stasis   .     (boots unavailable)
MR     .....                    (no amulet)
Stlth  +.........               (no ring)
                                (no ring)

@: confused, very slightly contaminated, not resistant to hostile enchantments,
very unstealthy
A: unfitting armour, claws 3, fast metabolism 3, gourmand, regeneration 2,
shaggy fur 1, tough skin 2
a: no special abilities


You were on level 4 of the Dungeon.
You were not hungry.

You visited 1 branch of the dungeon, and saw 4 of its levels.

You collected 159 gold pieces.

Inventory:

Missiles
 n - 7 tomahawks (quivered)
Armour
 a - a +0 robe (worn)
 u - a +1 cloak (worn)
Magical devices
 x - a wand of digging (24)
Scrolls
 c - a scroll of blinking
 e - 3 scrolls of identify
 f - a scroll of remove curse
 i - a scroll of random uselessness
 w - a scroll of enchant weapon {unknown}
Potions
 g - a potion of ambrosia
 j - a potion of restore abilities {unknown}
 p - a potion of curing {unknown}
 q - a potion of heal wounds {unknown}
 s - a potion of magic {unknown}
 t - a potion of beneficial mutation {unknown}
 v - a potion of haste {unknown}
Books
 h - a Young Poisoner's Handbook

   Spells                             Type                      Level
   a - Sting                          Conjuration/Poison           1
   b - Cure Poison                    Poison                       2
   c - Mephitic Cloud                 Conjuration/Poison/Air       3
   d - Olgreb's Toxic Radiance        Poison                       4
   e - Venom Bolt                     Conjuration/Poison           5
Comestibles
 b - 7 bread rations
 d - a beef jerky
 o - a meat ration
 r - 4 fruits


   Skills:
 + Level 3.3 Fighting
 + Level 3.2 Dodging
 - Level 1.1 Stealth
 + Level 4.9 Unarmed Combat


You had 3 spell levels left.
You didn't know any spells.

Dungeon Overview and Level Annotations

Branches:
Dungeon (4/15)
 Temple: D:4-7

Altars:
Cheibriados
Nemelex Xobeh
Yredelemnul
The Shining One


Innate Abilities, Weirdness & Mutations

You are too large for most types of armour.
You have claws for hands.
Your metabolism is lightning-fast.
You like to eat raw meat.
You heal very quickly.
You are covered in fur (AC +1).
You have very tough skin (AC +2).


Message History

It was a scroll of immolation.
Read which item? (? for menu, Esc to quit)
Okay, then.
Unknown command.
Unknown command.
Unknown command.
Unknown command.
Unknown command.
You scratch the hobgoblin.
The hobgoblin explodes!
The fiery explosion engulfs you!
Ouch! That really hurt!
You are engulfed in roaring flames.
* * * LOW HITPOINT WARNING * * *
A jelly comes into view.
Unknown command.
Drink which item? (? for menu, Esc to quit)
You are confused.
You feel invigorated.
You are engulfed in roaring flames.
You die...

# #. ##.#
.##...#######
#....g.......#
#<...§###
#....§§@#
#.>..§#§#
#.....#.#
#######.# #.#
#.# #.# #.#
J.#


You could see a jelly.

Vanquished Creatures
  A hound (D:4)
  3 adders
  A worm (D:2)
  3 giant geckos
  13 bats
  3 giant cockroaches
  6 goblins
  4 hobgoblins
  9 jackals
  10 kobolds
  An ooze (D:3)
  A ball python (D:2)
  6 giant newts
  2 quokkas
  5 rats
  A spectral orc (D:3)
69 creatures vanquished.

Vanquished Creatures (others)
  4 toadstools (D:1)
4 creatures vanquished.

Grand Total: 73 creatures vanquished

Notes
Turn   | Place    | Note
--------------------------------------------------------------
     0 | D:1      | Fluffy, the Troll Monk, began the quest for the Orb.
     0 | D:1      | Reached XP level 1. HP: 22/22 MP: 0/0
   228 | D:1      | Reached XP level 2. HP: 27/29 MP: 1/1
   816 | D:2      | Reached XP level 3. HP: 33/36 MP: 2/2
   820 | D:2      | Found a snail-covered altar of Cheibriados.
  1282 | D:2      | Found a glowing golden altar of the Shining One.
  1366 | D:2      | Reached XP level 4. HP: 45/45 MP: 3/3
  1746 | D:3      | Found a basalt altar of Yredelemnul.
  2093 | D:3      | Found a sparkling altar of Nemelex Xobeh.
  2550 | D:4      | HP: 2/45 [cloud of flame (17)]
  2551 | D:4      | Engulfed by a cloud of flame

Action                   |  1- 3 |  4- 6 || total
-------------------------+-------+-------++-------
Melee: Unarmed           |   106 |    56 ||   162
  Use: Scroll            |       |     7 ||     7
       Potion            |       |     1 ||     1
 Stab: Sleeping          |     2 |     1 ||     3
  Eat: Chunk             |    15 |     8 ||    23
